 Dungeon Crawl Stone Soup version 0.24.0-1-gfbc8707 (webtiles) character file.

Game seed: 7590892729199494495, levelgen mode: deterministic

5042 Illumine the Cleaver (level 10, -1/91 HPs)
             Began as a Deep Dwarf Fighter on Oct 26, 2019.
             Was a Priest of Makhleb.
             Slain by a spiny frog (8 damage)
             ... on level 1 of the Lair of Beasts.
             The game lasted 00:08:40 (4228 turns).

Illumine the Cleaver (Deep Dwarf Fighter)           Turns: 4228, Time: 00:08:40

Health: -1/91      AC: 14    Str: 23    XL:     10   Next: 30%
Magic:  14/14      EV:  9    Int:  9    God:    Makhleb [***...]
Gold:   428        SH: 12    Dex: 18    Spells: 9/9 levels left

rFire    . . .     SeeInvis .   e - +2 war axe
rCold    . . .     Gourm    +   c - +0 shield
rNeg     . . .     Faith    .   z - +0 plate armour
rPois    .         Spirit   .   (no helmet)
rElec    .         Reflect  .   o - +0 cloak
rCorr    .         Harm     .   (no gloves)
MR       +....                  (no boots)
Stlth    ..........             B - amulet of the gourmand
HPRegen  0.00/turn              (no ring)
MPRegen  0.14/turn              j - +6 ring of dexterity

@: non-regenerating
A: damage resistance, heal wounds, sense surroundings 2, no regeneration
a: Heal Wounds, Minor Destruction, Lesser Servant of Makhleb, Renounce Religion


You were on level 1 of the Lair of Beasts.
You worshipped Makhleb.
Makhleb was most pleased with you.
You were not hungry.

You visited 3 branches of the dungeon, and saw 10 of its levels.

You collected 428 gold pieces.

Inventory:

Hand Weapons
 a - a +4 scimitar of flaming
 e - a +2 war axe (weapon)
Missiles
 y - 52 poisoned darts (quivered)
Armour
 c - a +0 shield (worn)
 o - a +0 cloak (worn)
 z - a +0 plate armour (worn)
Jewellery
 j - a +6 ring of dexterity (right hand)
 w - an uncursed amulet of the acrobat
 B - an amulet of the gourmand (around neck)
Wands
 E - a wand of scattershot (5)
Scrolls
 i - 2 scrolls of remove curse
 k - a scroll of teleportation
 p - a scroll of fog
 q - a scroll of immolation {unknown}
 s - a scroll of enchant armour {unknown}
 u - a scroll of magic mapping {unknown}
 v - a scroll of blinking {unknown}
 A - 2 scrolls of amnesia
 C - 3 scrolls of enchant weapon
 D - a scroll of random uselessness {unknown}
Potions
 b - 2 potions of cancellation
 d - a potion of might
 g - 3 potions of curing
 n - a potion of haste
 r - 4 potions of brilliance
 t - a potion of mutation
 x - 3 potions of heal wounds
Comestibles
 f - 12 rations


   Skills:
 + Level 5.7 Fighting
 + Level 9.3 Axes
 + Level 6.6 Armour
 + Level 5.7 Dodging
 + Level 8.3 Shields
 + Level 6.9 Invocations


You had 9 spell levels left.
You didn't know any spells.
Your spell library contained the following spells:

 Spells                   Type           Power        Failure   Level  Hunger
 Animate Skeleton         Necr           N/A          100%        1    ##.....
 Apportation              Tloc           #.....       100%        1    ##.....
 Confusing Touch          Hex            #.....       100%        1    ##.....
 Freeze                   Ice            #...         100%        1    ##.....
 Sandblast                Erth           #.....       100%        1    ##.....
 Summon Small Mammal      Summ           #...         100%        1    ##.....
 Passwall                 Tmut/Erth      #.......     100%        2    ###....
 Throw Frost              Conj/Ice       #.....       100%        2    ###....
 Confuse                  Hex            #.......     100%        3    ####...
 Gell's Gravitas          Tloc           #.........   100%        3    ####...
 Ozocubu's Armour         Chrm/Ice       #.......     100%        3    ####...
 Stone Arrow              Conj/Erth      #.....       100%        3    ####...
 Petrify                  Tmut/Erth      #.......     100%        4    #####..
 Summon Ice Beast         Ice/Summ       #.......     100%        4    #####..
 Throw Icicle             Conj/Ice       #.......     100%        4    #####..
 Lee's Rapid Deconstruct  Erth           #.........   100%        5    ######.
 Metabolic Englaciation   Hex/Ice        #.........   100%        5    ######.
 Yara's Violent Unravell  Hex/Tmut       #.........   100%        5    ######.


Dungeon Overview and Level Annotations

Branches:
Dungeon (8/15)             Temple (1/1) D:4            Lair (1/6) D:8

Altars:
Ashenzari
Dithmenos
Elyvilon
Fedhas
Gozag
Makhleb
Nemelex Xobeh
Okawaru
Qazlal
Ru
Sif Muna
Uskayaw
Vehumet
Wu Jian
Yredelemnul
Zin

Shops:
D:4 =


Innate Abilities, Weirdness & Mutations

You are resistant to damage.
You can heal yourself by infusing magical energy.
You passively map the area around you.
You do not regenerate.


Message History

You block the spiny frog's attack.
The spiny frog stings you but does no damage.
The black mamba bites you but does no damage.
The wolf closely misses you.
The spiny frog stings you but does no damage.
A wolf comes into view.
Your shield and plate armour prevent you from hitting the spiny frog.
The spiny frog is heavily wounded.
The wolf howls!
You hit the wolf. You completely miss the spiny frog.
You hit the black mamba but do no damage.
You block the black mamba's attack. The wolf bites you but does no damage.
The spiny frog stings you!
* * * LOW HITPOINT WARNING * * *
The spiny frog misses you. You block the black mamba's attack.
You block the spiny frog's attack. The wolf misses you.
You fail to use your ability.
The black mamba splashes around in the water.
You block the wolf's attack. The spiny frog stings you!
You die...

, ,, *, * *, , * ,
#####.###..# ..
......P...# , ,
....##.≈≈≈h....# , ,
,.....#≈≈≈≈≈≈≈≈≈.#
,, ,
.......≈≈≈≈≈≈≈≈.# ,,
.....≈≈≈≈≈≈≈≈≈≈≈+ ,
,
*.....≈≈≈≈≈h≈≈≈≈≈#.
* ,
,,.....≈≈≈≈F@F≈≈≈..#
** ,
......≈≈≈S†≈≈≈≈... ,
,......≈≈≈≈≈≈≈≈≈...
, ,
......≈≈≈≈≈≈≈≈≈...,
, , ,, ,
......≈≈≈≈≈≈≈≈≈...,
,
,...........≈≈.....
, * *
,......#.#.$.P#....
* *
...P..........#..#,
,
+,...............!.
,, ,


You could see a black mamba, 2 spiny frogs and 2 wolves.

Vanquished Creatures
  Harold (D:7)
  Erica (D:8)
  Pikel (D:4)
  A spiny frog (Lair:1)
  A komodo dragon (D:8)
  Eustachio (D:4)
  A hungry ghost (D:7)
  Menkaure (D:7)
  A water moccasin (D:6)
  An orc warrior (D:7)
  An ice beast (D:6)
  A phantom (D:8)
  An eye of draining (D:8)
  2 slaves
  A necrophage (D:5)
  2 ogres (D:8)
  2 centaurs
  A big kobold (D:8)
  A bullfrog (D:8)
  A wyvern zombie (D:8)
  A water moccasin zombie (D:8)
  A scorpion (D:8)
  3 wights (D:6)
  2 howler monkeys
  3 crimson imps
  A bullfrog zombie (D:4)
  A quasit (D:7)
  A jelly (D:6)
  A bullfrog skeleton (D:5)
  2 orc priests
  3 hounds
  An iguana (D:7)
  Natasha (thrice) (D:3)
  6 orc wizards
  4 worker ants
  A hound skeleton (D:6)
  6 adders
  2 shadow imps
  2 oozes (D:2)
  An adder skeleton (D:4)
  7 worms
  A dart slug (D:1)
  3 leopard geckos
  26 orcs
  8 giant cockroaches
  4 goblins
  4 hobgoblins
  5 jackals
  2 quokkas (D:2)
  3 bats
  3 frilled lizards
  8 kobolds
  A quokka skeleton (D:5)
  6 rats
149 creatures vanquished.

Vanquished Creatures (others)
  A worm (D:4)
  5 plants (D:8)
6 creatures vanquished.

Grand Total: 155 creatures vanquished

Notes
Turn   | Place    | Note
-------+----------+-------------------------------------------
     0 | D:1      | Illumine the Deep Dwarf Fighter began the quest for the
                  | Orb.
     0 | D:1      | Reached XP level 1. HP: 20/20 MP: 1/1
   167 | D:1      | Reached XP level 2. HP: 25/27 MP: 2/2
   244 | D:1      | Reached skill level 3 in Axes
   577 | D:2      | Reached XP level 3. HP: 25/33 MP: 3/3
   887 | D:3      | Noticed Natasha
   893 | D:3      | Killed Natasha
   893 | D:3      | Reached skill level 4 in Axes
   893 | D:3      | Reached XP level 4. HP: 37/40 MP: 3/3
   962 | D:3      | Noticed Natasha
   970 | D:3      | Killed Natasha
  1079 | D:3      | Found a faded altar of an unknown god.
  1079 | D:3      | Noticed Natasha
  1086 | D:3      | Killed Natasha
  1086 | D:3      | Reached XP level 5. HP: 34/46 MP: 4/4
  1395 | D:3      | Reached skill level 5 in Axes
  1413 | D:4      | Noticed a slave
  1413 | D:4      | Noticed a slave
  1414 | D:4      | Noticed a slave
  1414 | D:4      | Noticed a slave
  1416 | D:4      | Noticed Pikel
  1441 | D:3      | Killed a slave
  1519 | D:4      | HP: 2/46 [Pikel/+2 whip of electrocution (19)]
  1522 | D:4      | Killed a slave
  1524 | D:4      | Killed Pikel
  1524 | D:4      | Reached skill level 7 in Axes
  1524 | D:4      | Reached skill level 5 in Shields
  1524 | D:4      | Reached XP level 6. HP: 29/55 MP: 5/5
  1524 | D:4      | Reached XP level 7. HP: 32/61 MP: 6/6
  1551 | D:4      | Found Vuit's Jewellery Shop.
  1604 | D:4      | Found a staircase to the Ecumenical Temple.
  1621 | D:4      | Found a blossoming altar of Fedhas.
  1644 | Temple   | Entered the Ecumenical Temple
  1648 | Temple   | Became a worshipper of Makhleb the Destroyer
  1753 | D:4      | Found a shimmering blue altar of Sif Muna.
  1795 | D:4      | Noticed Eustachio
  1810 | D:4      | Killed Eustachio
  1810 | D:4      | Reached skill level 1 in Dodging
  1810 | D:4      | Reached skill level 1 in Invocations
  2012 | D:5      | Entered Level 5 of the Dungeon
  2243 | D:5      | You fall into a shaft and drop 1 floor!
  2275 | D:5      | Reached XP level 8. HP: 36/69 MP: 8/8
  2275 | D:5      | Reached * piety under Makhleb
  2392 | D:5      | Found a white marble altar of Elyvilon.
  2750 | D:6      | Reached skill level 8 in Axes
  2959 | D:6      | Reached ** piety under Makhleb
  2959 | D:6      | Reached skill level 5 in Armour
  2973 | D:6      | Found a basalt altar of Yredelemnul.
  3177 | D:7      | Noticed Harold
  3188 | D:7      | Killed Harold
  3188 | D:7      | Reached skill level 5 in Invocations
  3188 | D:7      | Gained mutation: You passively map the area around you.
                  | [Deep Dwarf growth]
  3188 | D:7      | Reached XP level 9. HP: 46/79 MP: 11/11
  3485 | D:7      | Noticed Menkaure
  3491 | D:7      | Killed Menkaure
  3750 | D:8      | Reached skill level 5 in Fighting
  3810 | D:8      | Noticed Erica
  3863 | D:8      | Reached skill level 5 in Dodging
  3983 | D:8      | Killed Erica
  3983 | D:8      | Reached skill level 9 in Axes
  3983 | D:8      | Reached XP level 10. HP: 85/88 MP: 13/13
  4018 | D:8      | Found a shattered altar of Ashenzari.
  4062 | D:8      | Reached *** piety under Makhleb
  4116 | D:8      | Found a staircase to the Lair.
  4207 | Lair:1   | Entered Level 1 of the Lair of Beasts
  4208 | Lair:1   | Noticed a spiny frog
  4209 | Lair:1   | Noticed a spiny frog
  4209 | Lair:1   | Noticed a black mamba
  4218 | Lair:1   | Noticed a spiny frog
  4220 | Lair:1   | HP: 4/90 [spiny frog (8)]
  4224 | Lair:1   | Killed a spiny frog
  4228 | Lair:1   | Slain by a spiny frog

Levels and vault maps discovered:
D:1:      ncdulo_wetmaze, layout_loops_ring
D:2:      layout_loops_ring, first_ration, minmay_pentomino_x2
D:3:      layout_basic, chequers_ecumenical_altar_simple_redux, uniq_natasha
D:4:      layout_basic, led_sif_book, minmay_temple_entry_gardened_gates,
          serial_shops, shop, fedhas_altar_1, uniq_pikel, uniq_eustachio,
          uniq_crazy_yiuf_cottage
D:5:      layout_loops_ring, elyvilon_altar_1
D:6:      layout_rooms, nicolae_overflow_hidden_temple
D:7:      layout_rooms, uniq_harold, uniq_menkaure
D:8:      layout_basic, david_lair_shrubbed, basic_altar, uniq_erica
Temple:   nicolae_temple_x_marks_the_god
Lair:1:   layout_regular_city, infiniplex_staircase_pool_2, lemuel_fruit_fields,
          uniq_grum

Skill      XL: |  1  2  3  4  5  6  7  8  9 |
---------------+----------------------------+-----
Axes           | 3 4 7 8 9 |  9.3
Shields        | 4 5 6 7 8 |  8.3
Fighting       | 3 4 5 |  5.7
Dodging        | 2 4 5 |  5.7
Invocations    | 2 5 6 |  6.9
Armour         | 5 6 |  6.6

Action                   |  1- 3 |  4- 6 |  7- 9 | 10-12 || total
-------------------------+-------+-------+-------+-------++-------
Melee: War axe           |   112 |    75 |   427 |    51 ||   665
 Abil: Heal Wounds       |     1 |     2 |     8 |     2 ||    13
  Use: Potion            |       |     1 |     2 |     1 ||     4
       Scroll            |       |       |     9 |     5 ||    14
  Eat: Chunk             |       |     1 |     8 |       ||     9
       Ration            |       |       |     2 |       ||     2
Armor: Scale mail        |    13 |       |       |       ||    13
       Chain mail        |    36 |    45 |    80 |       ||   161
       Plate armour      |       |       |   122 |    26 ||   148
Dodge: Dodged            |    30 |    13 |   101 |    20 ||   164
Block: Shield            |    61 |    41 |   282 |    54 ||   438
